 Dungeon Crawl Stone Soup version 0.29.1-15-g9cfb28693d (webtiles) character file.

Game seed: 11561477947003186166

1180 javelincjr the Magician (level 8, -1/57 HPs)
             Began as a Demonspawn Hedge Wizard on Mar 29, 2023.
             Succumbed to Ast3rio's ghost's poison
             ... on level 4 of the Dungeon.
             The game lasted 00:41:39 (9499 turns).

javelincjr the Magician (Demonspawn Hedge Wizard)   Turns: 9499, Time: 00:41:40

Health: -1/57      AC:  4    Str:  8 (11) XL:     8   Next: 18%
Magic:  12/14      EV: 13    Int: 13 (16) God:
Gold:   180        SH:  0    Dex: 16 (18) Spells: 10/15 levels left

rFire   + . .      SeeInvis .   D - +2 hand axe (protect)
rCold   . . .      Faith    .   (no shield)
rNeg    . . .      Spirit   .   i - +2 robe {rF+}
rPois   .          Reflect  .   c - +0 hat
rElec   .          Harm     .   (no cloak)
rCorr   .          Rampage  .   (no gloves)
Will    .....                   (no boots)
Stlth   ++........              e - amulet of the acrobat
HPRegen 0.19/turn               n - +6 ring of dexterity
MPRegen 0.14/turn               d - ring of flight

@: brilliant, lethally poisoned (-1 -> -18), on blink cooldown, flying
A: horns 2, demonic magic 1, deterioration 1, weak 1, wild magic 1
a: no special abilities


You were on level 4 of the Dungeon.
You visited 1 branch of the dungeon, and saw 6 of its levels.
You also visited: Sewer.

You collected 292 gold pieces.
You spent 112 gold pieces at shops.

Inventory:

Hand Weapons
 a - a +0 dagger
 D - a +2 hand axe of protection (weapon)
Missiles
 j - 14 poisoned darts
 m - 4 boomerangs
 G - a curare-tipped dart
 I - a throwing net
Armour
 b - a +0 robe
 c - a +0 hat (worn)
 i - a +2 robe of fire resistance (worn)
Magical Staves
 k - a staff of earth
Jewellery
 d - a ring of flight (right hand)
 e - an amulet of the acrobat (around neck)
 f - a +6 ring of strength
 n - a +6 ring of dexterity (left hand)
 C - a ring of protection from cold
Wands
 H - a wand of flame (17)
Scrolls
 g - 3 scrolls of butterflies
 o - 3 scrolls of teleportation
 s - 2 scrolls of magic mapping
 t - 2 scrolls of vulnerability {unknown}
 u - 2 scrolls of blinking
 v - 3 scrolls of brand weapon
 x - a scroll of noise {unknown}
 y - 3 scrolls of amnesia {unknown}
 B - a scroll of torment {unknown}
Potions
 h - a potion of degeneration
 l - a potion of brilliance
 q - 3 potions of haste
 r - 2 potions of flight {unknown}
 w - 3 potions of might
 z - a potion of curing {unknown}
 A - a potion of magic
 E - a potion of lignification {unknown}
 F - 2 potions of invisibility {unknown}


   Skills:
 + Level 2.9 Fighting
 + Level 1.0 Axes
 + Level 2.7 Armour
 + Level 3.5 Dodging
 - Level 1.8 Stealth
 + Level 4.4 Spellcasting
 + Level 3.3 Conjurations
 + Level 3.3 Summonings
 + Level 3.0 Translocations
 + Level 2.7 Earth Magic


You had 10 spell levels left.
You knew the following spells:

 Your Spells              Type           Power      Damage    Failure   Level
a - Magic Dart            Conj           88%        1d7       8%          1
b - Call Imp              Summ           22%        N/A       12%         2
c - Blink                 Tloc           42%        N/A       13%         2

Your spell library contained the following spells:

 Spells                   Type           Power      Damage    Failure   Level
 Gell's Gravitas          Tloc           21%        N/A       24%         3
 Lesser Beckoning         Tloc           21%        N/A       24%         3
 Teleport Other           Tloc           21%        N/A       24%         3
 Slow                     Hex            20%        N/A       28%         1
 Conjure Flame            Conj/Fire      14%        6-21      38%         3
 Dazzling Flash           Conj/Hex       28%        N/A       38%         3
 Mephitic Cloud           Conj/Pois/Air  11%        N/A       45%         3
 Iskenderun's Mystic Bla  Conj/Tloc      21%        2d6       56%         4
 Ignite Poison            Fire/Tmut/Pois 5%         N/A       61%         3
 Fulminant Prism          Conj/Hex       7%         3d7       77%         4
 Sticky Flame             Conj/Fire      14%        2d4       77%         4
 Lee's Rapid Deconstruct  Erth           9%         3d8*      91%         5
 Freezing Cloud           Conj/Ice/Air   5%         6-21      99%         5
 Dispersal                Tloc           10%        N/A       100%        6
 Starburst                Conj/Fire      7%         6d4       100%        6


Dungeon Overview and Level Annotations

Branches:
Dungeon (6/15)              Sewer (visited)
 Temple: D:4-7

Altars:
Wu Jian

Shops:
D:3 =   D:4 ?

Portals:
Abyss: D:4

Annotations:
D:4 Ast3rio's ghost, novice MiBe; BigSlothPepe's ghost, amateur MiFi
D:6 Prince Ribbit


Innate Abilities, Weirdness & Mutations

You have a pair of horns on your head.
Spells you cast may paralyse adjacent enemies.
Your body sometimes deteriorates upon taking damage.
You are weak. (Str -2)
Your spells are a little harder to cast, but a little more powerful.


Message History

BigSlothPepe's ghost says, "I am invincible!"
HP restored.
Okay, then.
There is a transporter landing site here.
Done exploring.
As you read the scroll of identify, it crumbles to dust.
g - 3 scrolls of butterflies
As you read the scroll of identify, it crumbles to dust.
s - 2 scrolls of magic mapping
There is a stone staircase leading down here.
You fly downwards.
Level annotation: Ast3rio's ghost, novice MiBe Ast3rio's ghost hits you!
You are poisoned.
Ast3rio's ghost closely misses you.
There is a stone staircase leading up, spattered with blood here.
You feel very sick. Ast3rio's ghost hits you!
Your body deteriorates!
You feel weakened.
You are lethally poisoned!
You fly upwards.
Level annotation: BigSlothPepe's ghost, amateur MiFi
* * * LOW HITPOINT WARNING * * *
Your body deteriorates!
You feel dopey.
You feel extremely sick.
BigSlothPepe's ghost ripples.
There is a stone staircase leading down here.
Casting: Call Imp (safe; 11% risk of failure)
Confirm with . or Enter, or press ? or * to list all spells.
You blink.
Malevolent energies surge around you.
* * * LOW HITPOINT WARNING * * *
You feel very sick.
It was a potion of degeneration.
There was something very wrong with that liquid.
You feel weakened.
You feel dopey.
You feel clumsy.
* * * LOW HITPOINT WARNING * * *
You feel very sick.
It was a potion of brilliance.
You feel clever all of a sudden.
You die...

.......#§#._......#####..#
.......###..####....####.#
.........####§#..##..###)###
......<...#§########...#...##
###..##...###§.### ###.###..#
............W.W..# #..###.#
.###.##.[....##..######.###.#
..##.##.....................#
............©...@...........#
........(.####.......###....#
...##.....#∩W###...###©##...#
..........##...##..#....#...#
<..#.......#....####...##...#
...#......##.##.§...#.##....#
...##.#..##.####..##.##.....#
...##.#..#...#....^.?#......#
...##....##.#..###...###....#


You could see Ast3rio's ghost.

Vanquished Creatures
  A water moccasin (D:5)
  A black bear (D:4)
  A centaur (D:5)
  A kobold brigand (D:4)
  A bullfrog (Sewer)
  A scorpion (D:4)
  A necrophage (D:5)
  2 small abominations (D:4)
  2 bullfrog skeletons (D:5)
  An orc priest (D:3)
  2 iguanas (D:5)
  An orc wizard (D:4)
  A howler monkey skeleton (D:5)
  4 adders
  2 white imps (D:5)
  An ufetubus (D:4)
  3 worms
  3 dart slugs
  4 orcs (D:3)
  9 ball pythons
  9 endoplasms
  10 giant cockroaches
  2 goblins
  6 hobgoblins
  10 jackals
  9 kobolds
  14 quokkas
  5 bats
  13 frilled lizards
  5 rats
125 creatures vanquished.

Vanquished Creatures (collateral kills)
  A kobold brigand (D:4)
  An orc priest (D:3)
  A centaur skeleton (D:5)
  An iguana (D:4)
  2 adders
  A dart slug (D:5)
  An orc (D:3)
  3 endoplasms (Sewer)
  2 giant cockroaches
  A quokka (Sewer)
  A ball python (Sewer)
  A frilled lizard (Sewer)
16 creatures vanquished.

Vanquished Creatures (others)
  3 fungi (D:1)
  A plant (D:1)
4 creatures vanquished.

Grand Total: 145 creatures vanquished

Notes
Turn   | Place    | Note
-------+----------+-------------------------------------------
     0 | D:1      | javelincjr the Demonspawn Hedge Wizard began the quest for
                  | the Orb.
     0 | D:1      | Reached XP level 1. HP: 13/13 MP: 4/4
   137 | D:1      | Reached skill level 1 in Translocations
   240 | D:1      | Gained mutation: You have a pair of small horns on your
                  | head. [demonic ancestry]
   240 | D:1      | Reached XP level 2. HP: 18/19 MP: 0/6
   394 | D:1      | Found a faded altar of an unknown god.
  1006 | D:1      | You fall into a shaft and drop 1 floor!
  1160 | D:1      | Reached XP level 3. HP: 25/25 MP: 4/7
  1580 | D:2      | Learned a level 2 spell: Call Imp
  1583 | D:2      | Learned a level 2 spell: Blink
  1873 | D:2      | Reached skill level 1 in Fighting
  1873 | D:2      | Reached XP level 4. HP: 32/32 MP: 0/8
  3080 | D:3      | Found Anahiwed's One-of-a-Kind Rings.
  3504 | D:3      | Reached skill level 1 in Armour
  4136 | D:3      | Reached skill level 1 in Earth Magic
  4359 | D:3      | Reached XP level 5. HP: 37/37 MP: 5/10
  4375 | D:3      | HP: 1/37 [orc priest/divine providence (14)]
  4701 | D:4      | Found Fasef's Magic Scroll Emporium.
  4728 | D:4      | Found a one-way gate to the infinite horrors of the Abyss.
  4728 | D:4      | Noticed BigSlothPepe's ghost (amateur MiFi)
  4733 | D:4      | Noticed a small abomination
  4736 | D:4      | Found a transporter.
  4739 | D:4      | Found a glowing drain.
  4745 | D:4      | Noticed a black bear
  4757 | Sewer    | Entered a sewer
  5653 | Sewer    | Gained mutation: Spells you cast may paralyse adjacent
                  | enemies. [demonic ancestry]
  5653 | Sewer    | Reached XP level 6. HP: 21/44 MP: 2/11
  5931 | D:4      | Found an ornate altar of the Wu Jian Council.
  6015 | D:4      | Found a transporter.
  6276 | D:4      | Bought a scroll of identify for 28 gold pieces
  6276 | D:4      | Bought a scroll of teleportation for 42 gold pieces
  6276 | D:4      | Bought a scroll of teleportation for 42 gold pieces
  6278 | D:4      | Gained mutation: Armour fits poorly on your strangely
                  | shaped body. [potion of mutation]
  6278 | D:4      | Gained mutation: Your flesh is cold resistant. (rC+)
                  | [potion of mutation]
  6279 | D:4      | Lost mutation: Armour fits poorly on your strangely shaped
                  | body. [potion of mutation]
  6279 | D:4      | Lost mutation: Your flesh is cold resistant. (rC+) [potion
                  | of mutation]
  6279 | D:4      | Gained mutation: Your spells are a little harder to cast,
                  | but a little more powerful. [potion of mutation]
  6279 | D:4      | Gained mutation: Your body sometimes deteriorates upon
                  | taking damage. [potion of mutation]
  6279 | D:4      | Gained mutation: You are weak. (Str -2) [potion of
                  | mutation]
  6531 | D:4      | Reached skill level 4 in Spellcasting
  6531 | D:4      | Gained mutation: You have a pair of horns on your head.
                  | [demonic ancestry]
  6531 | D:4      | Reached XP level 7. HP: 39/50 MP: 5/13
  6650 | D:5      | Entered Level 5 of the Dungeon
  7775 | D:5      | Noticed Ast3rio's ghost (novice MiBe)
  7799 | D:5      | Found a runed translucent gate.
  7799 | D:5      | Found a runed translucent gate.
  7806 | D:5      | Found a runed translucent gate.
  8049 | D:6      | Noticed a troll
  8051 | D:6      | Noticed Prince Ribbit
  8842 | D:5      | Reached XP level 8. HP: 57/57 MP: 10/14
  9296 | D:4      | Reached skill level 1 in Axes
  9499 | D:4      | Succumbed to Ast3rio's ghost's poison

Illustrated notes

Levels and vault maps discovered:
D:1:      saegor_arrival_simple_c, layout_loops_ring,
          shapermc_ecumenical_altar_acropolis
D:2:      layout_rooms, lemuel_flame_loot_1
D:3:      layout_rooms, nicolae_shop_unique_rings
D:4:      layout_rooms, pdpol_wu_jian_five_deadly_venoms, serial_shops,
          nicolae_shop_statue_plus, gammafunk_ghost_abyssal_escape,
          portal_sewer_entry_f
D:5:      layout_cave_pools, gammafunk_ghost_necromancy,
          serial_co_window_serial, co_window_corner_a, co_window_corner_a,
          co_window_of_opportunity_a, co_window_of_opportunity_a,
          co_window_of_opportunity_a, co_window_2corner,
          co_window_unsneaky_path_a, co_window_corner_cb, co_window_broadway_a,
          co_window_4corner_b, glass_columns_c
D:6:      layout_cave_pools, nicolae_tso_carved_into_rock,
          okawaru_altar_gauntlet_db, minmay_misc_feat_hallway,
          uniq_prince_ribbit1

Skill      XL: |  1  2  3  4  5  6  7  8 |
---------------+-------------------------+-----
Translocations | 1 2 3 |  3.0
Dodging        | 2 3 |  3.5
Fighting       | 1 2 |  2.9
Armour         | 1 2 |  2.7
Earth Magic    | 1 2 |  2.7
Summonings     | 2 3 |  3.3
Conjurations   | 2 3 |  3.3
Spellcasting   | 4 |  4.4
Axes           | 1 |  1.0
Stealth        | |  1.8

Action                   |  1- 3 |  4- 6 |  7- 9 || total
-------------------------+-------+-------+-------++-------
Melee: Dagger            |    38 |    75 |       ||   113
       Headbutt          |    12 |    20 |    19 ||    51
       Punch             |     1 |       |     1 ||     2
       Hand axe          |       |    24 |    51 ||    75
 Cast: Magic Dart        |   104 |   199 |    78 ||   381
       Call Imp          |       |    11 |    28 ||    39
       Blink             |       |     3 |     7 ||    10
  Use: Potion            |       |     5 |     2 ||     7
       Scroll            |       |     3 |     2 ||     5
 Stab: Distracted        |       |     2 |       ||     2
       Paralysed         |       |     9 |    17 ||    26
Armor: Robe              |    15 |    40 |    27 ||    82
Dodge: Dodged            |    36 |   114 |    71 ||   221
